[Event "Team 45 45 League T47"]
[Site "Internet Chess Club"]
[Date "2010.12.24"]
[Round "8"]
[White "TerryMalloy"]
[Black "bshribharath"]
[Result "1-0"]
[WhiteElo "1997"]
[BlackElo "1767"]
[Opening "Evans gambit"]
[ECO "C52"]
[Time "08:10:55"]
[TimeControl "2700+45"]

1. e4 e5 2. Nf3 Nc6 3. Bc4 Bc5 4. b4 Bxb4 5. c3 Ba5 6. d4 exd4 7. Qb3 Qf6 8. O-O
Bxc3 9. Nxc3 dxc3 10. e5 Qg6 11. Qxc3 Nge7 12. Bb2 O-O 13. Bd3 Qg4 14. h3 Qb4
15. Qc2 Ng6 16. Rfe1 Qe7 17. Qc3 Nh4 18. Nxh4 Qxh4 19. e6 Qh6 20. exf7+ Kh8 21.
Re8 {Black resigns} 1-0

[Event "Team 45 45 League T47"]
[Site "Internet Chess Club"]
[Date "2011.01.02"]
[Round "8"]
[White "Ivio"]
[Black "az2112"]
[Result "0-1"]
[WhiteElo "1802"]
[BlackElo "1777"]
[Opening "Grünfeld: modern exchange variation"]
[ECO "D85"]
[Time "12:00:16"]
[TimeControl "2700+45"]

1. d4 Nf6 2. c4 g6 3. Nc3 d5 4. cxd5 Nxd5 5. e4 Nxc3 6. bxc3 Bg7 7. Nf3 c5 8.
Bb5+ Nc6 9. d5 a6 10. Ba4 b5 11. Bb2 Na5 12. Bb3 Nxb3 13. axb3 c4 14. bxc4 bxc4
15. Qa4+ Qd7 16. Qxc4 O-O 17. O-O a5 18. Qa2 Qc7 19. Rfc1 Bg4 20. Nd4 Qf4 21. h3
Bd7 22. Re1 Rfc8 23. Bc1 Qc7 24. Bd2 Qc5 25. Nb3 Qc7 26. Rac1 Qc4 27. Qa3 a4 28.
Na1 Qd3 29. Qb2 a3 30. Qc2 Qc4 31. Qb3 Ra4 32. Qxc4 Raxc4 33. Nc2 Bxc3 34. Nxa3
Bxd2 35. Rcd1 Rc1 36. Rf1 Rxd1 37. Rxd1 Rc1 38. Rxc1 Bxc1 39. Nc4 Bf4 40. g3 Bc7
41. Kh2 Bb5 42. Ne3 Bb6 43. Nd1 Bd4 44. Kg2 Be2 45. Ne3 h5 46. Nc2 Bc3 47. f3
Bd1 48. Ne3 Bb3 49. g4 h4 50. Kf1 Kg7 51. Ng2 Bc4+ 52. Kf2 Bd4+ 53. Ke1 g5 54.
Kd2 Bf1 {White resigns} 0-1

[Event "Team 45 45 League T47"]
[Site "Internet Chess Club"]
[Date "2010.12.26"]
[Round "8"]
[White "Tamarin"]
[Black "Salvatore"]
[Result "1/2-1/2"]
[WhiteElo "1788"]
[BlackElo "1632"]
[Opening "Bogo-Indian defense"]
[ECO "E11"]
[Time "18:31:10"]
[TimeControl "2700+45"]

1. d4 Nf6 2. c4 e6 3. Nf3 Bb4+ 4. Bd2 Bxd2+ 5. Qxd2 O-O 6. Nc3 c6 7. e3 d6 8.
Bd3 Na6 9. O-O b6 10. Rac1 Bb7 11. Rfd1 c5 12. d5 e5 13. Bc2 Bc8 14. e4 Bg4 15.
Qe3 Nc7 16. Ba4 a6 17. Bc6 Rb8 18. a4 Nh5 19. h3 Bxf3 20. Qxf3 Nf4 21. Ne2 Nxe2+
22. Qxe2 f5 23. f3 f4 24. Qf2 Qg5 25. Kh2 Rf6 26. g3 Rg6 27. g4 h5 28. Rg1 h4
29. Qd2 a5 30. Rc3 Na6 31. Bb5 Nb4 32. Ra1 Kf7 33. Kg2 Rh8 34. Kf2 Qe7 35. Ke2
Rgh6 36. Raa3 g5 37. Ra1 Qc7 38. Raa3 Ra8 39. Ra1 Rf6 40. Raa3 Kg7 41. Ra1 Rff8
42. Raa3 Rad8 43. Ra1 Rf6 44. Raa3 Rdf8 45. Ra1 Kg6 46. Raa3 Kg7 47. Ra1 Kg6 48.
Raa3 Kg7 {Game drawn by repetition} 1/2-1/2

[Event "Team 45 45 League T47"]
[Site "Internet Chess Club"]
[Date "2010.12.29"]
[Round "8"]
[White "hcube"]
[Black "Schack"]
[Result "1/2-1/2"]
[WhiteElo "1622"]
[BlackElo "1693"]
[Opening "two knights defense"]
[ECO "C58"]
[Time "18:03:41"]
[TimeControl "2700+45"]

1. e4 e5 2. Nf3 Nc6 3. Bc4 Nf6 4. Ng5 d5 5. exd5 Na5 6. Be2 Nxd5 7. Nf3 e4 8.
Nd4 Nf4 9. g3 Ng2+ 10. Kf1 Bh3 11. Kg1 Qxd4 12. Bf1 e3 13. Qe2 Qe4 14. d3 Qe6
15. fxe3 Bc5 16. Bxg2 Bxg2 17. Kxg2 Nc6 18. Re1 O-O-O 19. Nc3 Rhe8 20. d4 Bb4
21. a3 Bxc3 22. bxc3 Qe4+ 23. Kg1 Ne7 24. Qd3 Qxd3 25. cxd3 Nd5 26. c4 Nf6 27.
h3 Rxd4 28. Rd1 Rd6 29. Ra2 Ne4 30. Rg2 Nc5 31. d4 Ne4 32. Kh2 Rg6 33. g4 Rc6
34. Rc2 Rd6 35. Rf1 f6 36. h4 h6 37. Kg2 Rde6 38. Re2 Nc3 39. Rc2 Ne4 40. Re2
Nc3 41. Ref2 Ne4 42. Re2 Nc3 {Game drawn by repetition} 1/2-1/2

[Event "Team 45 45 League T47"]
[Site "Internet Chess Club"]
[Date "2010.12.25"]
[Round "8"]
[White "LukeOZade"]
[Black "Zumbi"]
[Result "0-1"]
[WhiteElo "1780"]
[BlackElo "2089"]
[Opening "Alekhine's defense: modern, Larsen variation"]
[ECO "B04"]
[Time "11:16:49"]
[TimeControl "2700+45"]

1. e4 Nf6 2. e5 Nd5 3. d4 d6 4. Nf3 dxe5 5. Nxe5 c6 6. c4 Nb4 7. Be3 Bf5 8. Bd3
Nxd3+ 9. Nxd3 e6 10. O-O Nd7 11. Nc3 Bd6 12. Ne1 Qc7 13. Nf3 Rd8 14. c5 Nxc5 15.
dxc5 Bxh2+ 16. Nxh2 Rxd1 17. Raxd1 O-O 18. Nf3 Rd8 19. Bf4 Qc8 20. Rxd8+ Qxd8
21. Rd1 Qc8 22. Nh4 h6 23. Nxf5 exf5 24. Re1 Qd8 25. Bd6 b6 26. b4 a5 27. a3
axb4 28. axb4 bxc5 29. bxc5 Qa5 30. Re3 f4 31. Re8+ Kh7 32. Nd1 Qd2 33. Ne3 fxe3
34. Rxe3 g5 35. Re7 Kg6 36. Rc7 Qe1+ 37. Kh2 Qxf2 38. Rxc6 Kh5 39. Rb6 f5 40.
Bf8 g4 {White resigns} 0-1

[Event "Team 45 45 League T47"]
[Site "Internet Chess Club"]
[Date "2010.12.26"]
[Round "8"]
[White "Tobiasdelmonte"]
[Black "chessateer"]
[Result "1-0"]
[WhiteElo "1830"]
[BlackElo "1874"]
[Opening "Queen's gambit declined"]
[ECO "D30"]
[Time "10:00:15"]
[TimeControl "2700+45"]

1. d4 d5 2. c4 e6 3. Nf3 c5 4. cxd5 exd5 5. g3 Nc6 6. Bg2 Nf6 7. O-O cxd4 8.
Nxd4 Bc5 9. Nb3 Bb6 10. Nc3 d4 11. Nb5 a6 12. Bxc6+ bxc6 13. N5xd4 Bd7 14. Qc2
Rc8 15. Bf4 O-O 16. Rfd1 Nd5 17. Bd6 Re8 18. Bc5 Bc7 19. e4 Nf6 20. Nxc6 Bxc6
21. Rxd8 Rexd8 22. f3 Ba4 23. Qf2 Be5 24. Be3 h5 25. Rc1 Bxb3 26. Rxc8 Rxc8 27.
axb3 Rb8 28. Qc2 Rd8 29. Kg2 Nd7 30. f4 Bf6 31. e5 Be7 32. Qc7 Kf8 33. b4 Ke8
34. Bc5 Nxc5 35. bxc5 Rd2+ 36. Kh3 Rxb2 37. Qc8+ Bd8 38. c6 Rc2 39. Qd7+ Kf8 40.
Qxd8# {Black checkmated} 1-0

[Event "Team 45 45 League T47"]
[Site "Internet Chess Club"]
[Date "2010.12.24"]
[Round "8"]
[White "OxidisedLizard"]
[Black "powerchess1"]
[Result "1-0"]
[WhiteElo "1863"]
[BlackElo "1715"]
[Opening "French: Tarrasch, closed variation, main line"]
[ECO "C06"]
[Time "09:30:37"]
[TimeControl "2700+45"]

1. e4 e6 2. d4 d5 3. Nd2 Nf6 4. e5 Nfd7 5. Bd3 c5 6. c3 Nc6 7. Ne2 cxd4 8. cxd4
f6 9. exf6 Nxf6 10. Nf3 Bb4+ 11. Bd2 Bd6 12. Bf4 Bxf4 13. Nxf4 Qa5+ 14. Kf1 O-O
15. g3 Ng4 16. Bxh7+ Kxh7 17. Ng5+ Kg8 18. Qxg4 e5 19. Qh5 Bf5 20. Ng6 Bxg6 21.
Qxg6 Rxf2+ 22. Kxf2 Qd2+ 23. Kf3 exd4 24. Qh7+ Kf8 25. Qh8+ Ke7 26. Rhe1+ Kf6
27. Re6+ Kf5 28. g4+ Kxg5 29. h4# {Black checkmated} 1-0

[Event "Team 45 45 League T47"]
[Site "Internet Chess Club"]
[Date "2011.01.02"]
[Round "8"]
[White "tourettes"]
[Black "parrot9"]
[Result "1-0"]
[WhiteElo "1484"]
[BlackElo "1598"]
[Opening "Sicilian: closed"]
[ECO "B23"]
[Time "12:31:51"]
[TimeControl "2700+45"]

1. e4 c5 2. Nc3 e6 3. g3 Nc6 4. Bg2 g6 5. Nge2 Bg7 6. O-O Nge7 7. d3 O-O 8. h3
a6 9. f4 d6 10. g4 Bd7 11. Ng3 Nd4 12. f5 exf5 13. exf5 gxf5 14. gxf5 Nexf5 15.
Nh5 Nh4 16. Ne4 Nxg2 17. Nhf6+ Bxf6 18. Nxf6+ Kg7 19. Qh5 Qxf6 20. Rxf6 Kxf6 21.
Bg5+ Ke6 22. Qg4+ f5 23. Qxg2 Bc6 24. Re1+ Kd7 25. Re7+ Kc8 26. Qg3 Nf3+ 27. Kf2
f4 28. Bxf4 Ne5 29. Ke2 Kb8 30. Bxe5 dxe5 31. Qxe5+ Ka7 32. Qxc5+ Kb8 33. Qd6+
Ka7 34. Qxc6 {Black resigns} 1-0

[Event "Team 45 45 League T47"]
[Site "Internet Chess Club"]
[Date "2010.12.26"]
[Round "8"]
[White "smitty120"]
[Black "MontanaSky"]
[Result "1-0"]
[WhiteElo "1911"]
[BlackElo "1820"]
[Opening "French defense"]
[ECO "C00"]
[Time "11:00:33"]
[TimeControl "2700+45"]

1. e4 e6 2. Qh5 Nf6 3. Qh4 Be7 4. d3 d5 5. Bg5 Nc6 6. c3 O-O 7. Nd2 e5 8. Ngf3
Be6 9. Be2 h6 10. Bxf6 Bxf6 11. Qg3 Qe7 12. exd5 Bxd5 13. Ne4 Bxe4 14. dxe4 a6
15. Bc4 Na5 16. Be2 Rfe8 17. O-O Rad8 18. Rad1 Nc6 19. Bc4 b5 20. Bd5 Na7 21.
Nd2 c6 22. Bb3 Bg5 23. Nf3 Bf6 24. Nd2 Rd7 25. Qe3 Bg5 26. Qe2 Red8 27. Nf3 Bf6
28. Qe3 Nc8 29. h3 Rxd1 30. Rxd1 Rxd1+ 31. Bxd1 Qd6 32. Bb3 c5 33. Kf1 c4 34.
Bc2 Bd8 35. Ke2 Bb6 36. Qd2 Qc5 37. Ke1 Ne7 38. Nh2 f6 39. Nf1 a5 40. a3 Kf8 41.
Ne3 Qc7 42. a4 Bxe3 43. Qxe3 b4 44. cxb4 axb4 45. b3 c3 46. Qd3 Qc5 47. Qd8+ Kf7
48. Ke2 Qd4 49. Qxd4 exd4 50. Kd3 Nc6 51. f4 Ke6 52. Kc4 g6 53. Kb5 Kd6 54. a5
d3 55. Bxd3 c2 56. Bxc2 Nd4+ 57. Kb6 Nxc2 58. a6 Nd4 59. a7 {Black resigns} 1-0

[Event "Team 45 45 League T47"]
[Site "Internet Chess Club"]
[Date "2011.01.04"]
[Round "8"]
[White "alexping"]
[Black "VietLion"]
[Result "0-1"]
[WhiteElo "1979"]
[BlackElo "1902"]
[Opening "Nimzo-Indian: classical, 4...c5"]
[ECO "E38"]
[Time "12:07:35"]
[TimeControl "2700+45"]

1. d4 Nf6 2. c4 e6 3. Nc3 Bb4 4. Qc2 c5 5. a3 Bxc3+ 6. bxc3 Qa5 7. Bd2 b6 8. e4
d6 9. f4 Bb7 10. d5 O-O 11. Bd3 Nbd7 12. h3 Rac8 13. Qb1 exd5 14. exd5 Rfe8+ 15.
Kf1 b5 16. cxb5 c4 17. Bf5 Bxd5 18. Qb4 Qb6 19. Bxd7 Nxd7 20. Ne2 Bxg2+ {White
resigns} 0-1

[Event "Team 45 45 League T47"]
[Site "Internet Chess Club"]
[Date "2011.01.03"]
[Round "8"]
[White "subterfuge"]
[Black "rubo"]
[Result "1-0"]
[WhiteElo "1807"]
[BlackElo "1751"]
[Opening "English: symmetrical, Benoni formation"]
[ECO "A31"]
[Time "22:00:17"]
[TimeControl "2700+45"]

1. d4 Nf6 2. c4 c5 3. Nf3 cxd4 4. Nxd4 e5 5. Nf3 e4 6. Nd4 d5 7. e3 Nc6 8. Nc3
Bb4 9. Be2 O-O 10. a3 Bxc3+ 11. bxc3 Ne5 12. cxd5 Qxd5 13. Bb2 Nc4 14. Qb3 Nxb2
15. Qxb2 b6 16. O-O Bg4 17. Rfc1 Qh5 18. Bf1 Rfc8 19. Rc2 Rc5 20. Ne2 Rac8 21.
Rd1 h6 22. Rd4 Bxe2 23. Bxe2 Qg5 24. Qb4 Ng4 25. Rxe4 Nf6 26. Rd4 Nd5 27. Qb3
Nxc3 28. Bc4 Ne2+ 29. Rxe2 b5 30. Bxf7+ Kh8 31. Red2 Qf6 32. h3 Rc1+ 33. Rd1
R1c2 34. Rf4 Qe5 35. Qd5 Qb2 36. Bg6 Rc1 37. Rxc1 Qxc1+ 38. Kh2 Qxa3 39. Qxb5
Qd6 40. Qf5 Rd8 41. h4 a5 42. h5 a4 43. Qa5 a3 44. Kh3 Rf8 45. g3 Qe6+ 46. Bf5
Qb3 47. g4 Qd1 48. Kg2 Qc1 49. Be4 Rb8 50. Qa7 Qb2 51. Qf7 Qb6 52. Qf8+ {Black
resigns} 1-0

[Event "Team 45 45 League T47"]
[Site "Internet Chess Club"]
[Date "2010.12.27"]
[Round "8"]
[White "misuc56"]
[Black "John3v16"]
[Result "1-0"]
[WhiteElo "1858"]
[BlackElo "1724"]
[Opening "Old Indian defense"]
[ECO "A53"]
[Time "05:00:22"]
[TimeControl "2700+45"]

1. d4 Nf6 2. c4 d6 3. h3 Nbd7 4. e3 e5 5. Nc3 g6 6. Nf3 Bg7 7. Be2 O-O 8. O-O
Re8 9. Bd2 c6 10. d5 e4 11. Nh2 Nb6 12. dxc6 bxc6 13. Rb1 Ba6 14. b3 d5 15. cxd5
Bxe2 16. Qxe2 cxd5 17. Rfd1 Nfd7 18. Rbc1 Nc5 19. Nb5 Nd3 20. Rb1 Qd7 21. Nd4
Rac8 22. Ba5 Rc5 23. Bxb6 axb6 24. Rd2 Rec8 25. Nf1 Qc7 26. a3 Bxd4 27. exd4 Rc1
28. Rd1 Rxb1 29. Rxb1 Qc2 30. Qxc2 Rxc2 31. Ne3 Rxf2 32. Nxd5 b5 33. a4 bxa4 34.
bxa4 Ra2 35. Nf6+ Kg7 36. Nxe4 Rxa4 37. Rb7 Rxd4 38. Ng5 Kh6 39. Nxf7+ Kh5 40.
Rb5+ Kh4 41. Kh2 {Black resigns} 1-0

[Event "Team 45 45 League T47"]
[Site "Internet Chess Club"]
[Date "2010.12.29"]
[Round "8"]
[White "jefferyx"]
[Black "Phosphorus"]
[Result "0-1"]
[WhiteElo "1982"]
[BlackElo "2155"]
[Opening "French: Tarrasch, Guimard main line"]
[ECO "C04"]
[Time "11:00:39"]
[TimeControl "2700+45"]

1. e4 e6 2. d4 d5 3. Nd2 Nc6 4. Ngf3 Nf6 5. e5 Nd7 6. c3 f6 7. exf6 Qxf6 8. Nb3
Bd6 9. Be2 O-O 10. O-O a5 11. a4 e5 12. dxe5 Ndxe5 13. Nbd4 Nxd4 14. Nxd4 c6 15.
f4 Ng6 16. g3 Bh3 17. Rf2 Rae8 18. b3 Ne5 19. Bb2 Nd7 20. Bf3 Re3 21. c4 Bc5 22.
Kh1 Rfe8 23. Qd2 Bb4 24. Qxe3 Rxe3 25. cxd5 Qe7 26. Nc2 Rxf3 {White resigns} 0-1

[Event "Team 45 45 League T47"]
[Site "Internet Chess Club"]
[Date "2010.12.30"]
[Round "8"]
[White "Karpyan"]
[Black "irock"]
[Result "1/2-1/2"]
[WhiteElo "1851"]
[BlackElo "1789"]
[Opening "Catalan opening"]
[ECO "E00"]
[Time "10:08:57"]
[TimeControl "2700+45"]

1. d4 Nf6 2. c4 e6 3. g3 Bb4+ 4. Bd2 Qe7 5. a3 Bxd2+ 6. Nxd2 d5 7. Bg2 b6 8.
Ngf3 Bb7 9. O-O O-O 10. Qc2 Nbd7 11. cxd5 Nxd5 12. e4 N5f6 13. Qxc7 Ba6 14. Rfc1
Rfc8 15. Qf4 Nf8 16. Ne5 Ng6 {Game drawn by mutual agreement} 1/2-1/2

[Event "Team 45 45 League T47"]
[Site "Internet Chess Club"]
[Date "2010.12.30"]
[Round "8"]
[White "Walker42"]
[Black "bondguy01"]
[Result "1-0"]
[WhiteElo "2107"]
[BlackElo "1719"]
[Opening "Queen's Indian: old main line, 7.Nc3"]
[ECO "E18"]
[Time "19:00:17"]
[TimeControl "2700+45"]

1. d4 e6 2. Nf3 Nf6 3. g3 b6 4. Bg2 Bb7 5. O-O Be7 6. c4 O-O 7. Nc3 Na6 8. Bg5
Ne4 9. Bxe7 Qxe7 10. Nxe4 Bxe4 11. Qa4 Nb4 12. Ne5 Bxg2 13. Kxg2 Rfd8 14. a3 f6
15. Qxb4 Qxb4 16. axb4 fxe5 17. dxe5 g5 18. h3 Kg7 19. e3 h5 20. f4 g4 21. Ra6
Rdb8 22. Rfa1 Rb7 23. hxg4 hxg4 24. Rh1 Rh8 25. Rxh8 Kxh8 26. Ra1 Kg7 27. Rh1 a5
28. b5 c6 29. bxc6 dxc6 30. Rd1 b5 31. c5 a4 32. Rd6 Kf7 33. Rxc6 b4 34. Rb6 Rc7
35. Rxb4 Rxc5 36. e4 Ra5 37. Rb7+ Kg6 38. Re7 Ra6 39. Kf2 a3 40. bxa3 Rxa3 41.
Rxe6+ Kf7 42. Rf6+ Ke7 43. Rg6 Rf3+ 44. Kg2 Re3 45. Rxg4 Rxe4 46. Kf3 Ra4 47.
Rg7+ Kf8 48. Rb7 Ra3+ 49. Kg4 Re3 50. Kf5 Rxg3 51. Kf6 Ke8 52. e6 Kd8 53. e7+
Kc8 54. e8=Q+ Kxb7 55. Qd7+ Ka6 56. Qe6+ Kb5 57. f5 Rh3 58. Qd5+ Kb6 59. Qd4+
Kc7 60. Ke5 Rh7 61. Qd6+ Kc8 62. f6 Rh5+ 63. Ke6 Rh7 64. Qf8+ Kc7 65. Qe7+ Rxe7+
66. fxe7 {Black resigns} 1-0

[Event "Team 45 45 League T47"]
[Site "Internet Chess Club"]
[Date "2010.12.26"]
[Round "8"]
[White "Portola"]
[Black "imawesome"]
[Result "1/2-1/2"]
[WhiteElo "1762"]
[BlackElo "1743"]
[Opening "Queen's pawn: Torre attack"]
[ECO "A46"]
[Time "10:57:24"]
[TimeControl "2700+45"]

1. d4 Nf6 2. Nf3 e6 3. Bg5 d5 4. Nbd2 c5 5. e3 Nc6 6. c3 Bd6 7. Be2 O-O 8. O-O
e5 9. dxe5 Nxe5 10. Nxe5 Bxe5 11. Nf3 Re8 12. Nxe5 Rxe5 13. Bf4 Re8 14. Bf3 Be6
15. Re1 Qb6 16. Re2 h6 17. Rd2 Rad8 18. Qc2 Re7 19. Rad1 Red7 20. Be5 Nh7 21. h3
Ng5 22. h4 Nxf3+ 23. gxf3 {Game drawn by mutual agreement} 1/2-1/2

[Event "Team 45 45 League T47"]
[Site "Internet Chess Club"]
[Date "2010.12.23"]
[Round "8"]
[White "eurander"]
[Black "OpenMind"]
[Result "1-0"]
[WhiteElo "2208"]
[BlackElo "1949"]
[Opening "King's pawn opening"]
[ECO "B07"]
[Time "10:00:33"]
[TimeControl "2700+45"]

1. e4 d6 2. c3 Nf6 3. Qc2 g6 4. d4 Bg7 5. Nf3 O-O 6. Bg5 Bg4 7. Be2 Nbd7 8. Nbd2
c6 9. O-O e5 10. dxe5 dxe5 11. Nc4 Qc7 12. b4 h6 13. Bh4 g5 14. Bg3 Nh5 15. Ne3
Be6 16. Rfd1 Nxg3 17. hxg3 Rad8 18. Bc4 Bxc4 19. Nxc4 Nb6 20. Ne3 Qc8 21. Qb3
Rxd1+ 22. Rxd1 Rd8 23. Nf5 Rxd1+ 24. Qxd1 Qd7 25. Qb3 Qc7 26. Nh2 Nc8 27. Ng4
Kh7 28. Qd1 Kg6 29. Nge3 Bf8 30. Qg4 Ne7 31. Nxe7+ Qxe7 32. Qf5+ Kg7 33. Qc8 Qe6
34. Qxb7 Qxa2 35. Qxc6 Qa1+ 36. Kh2 Qe1 37. Ng4 Kg8 38. Qe8 Qe2 39. f3 Qa6 40.
Qxe5 Bg7 41. Qe8+ Bf8 42. Ne5 Qe6 43. Qxe6 fxe6 44. Nc6 Bd6 45. Nxa7 h5 46. Kh3
Be5 47. c4 Bc3 48. Nc6 Kg7 49. b5 {Black resigns} 1-0

[Event "Team 45 45 League T47"]
[Site "Internet Chess Club"]
[Date "2010.12.22"]
[Round "8"]
[White "Kodos"]
[Black "mitus"]
[Result "1/2-1/2"]
[WhiteElo "1983"]
[BlackElo "1780"]
[Opening "Scotch game"]
[ECO "C45"]
[Time "17:03:20"]
[TimeControl "2700+45"]

1. e4 e5 2. Nf3 Nc6 3. d4 exd4 4. Nxd4 Bc5 5. Nxc6 Qf6 6. Qd2 Qxc6 7. Nc3 Nf6 8.
Bb5 Qb6 9. O-O O-O 10. Bd3 d6 11. Na4 Qc6 12. Nxc5 Qxc5 13. Qe3 Qxe3 14. Bxe3
Ng4 15. Bd2 Ne5 16. Be2 Bg4 17. f3 Be6 18. b3 a5 19. Bc3 a4 20. Rfe1 Ra7 21. f4
Nc6 22. g4 axb3 23. axb3 Rfa8 24. Rxa7 Rxa7 25. Ra1 Rxa1+ 26. Bxa1 f6 27. h4 h6
28. Kf2 Kf8 29. Ke3 Ke7 30. h5 Bf7 31. Bc3 Kf8 32. Bd2 Nb8 33. b4 Nd7 34. b5 b6
35. Bc3 Be6 36. Kd4 Ke7 37. Ke3 Kf8 38. Kd4 Ke7 39. Ke3 Kf8 {Game drawn by
repetition} 1/2-1/2

[Event "Team 45 45 League T47"]
[Site "Internet Chess Club"]
[Date "2010.12.27"]
[Round "8"]
[White "tourettes"]
[Black "porgue"]
[Result "0-1"]
[WhiteElo "1461"]
[BlackElo "1741"]
[Opening "Ruy Lopez: exchange, Gligoric variation"]
[ECO "C69"]
[Time "12:00:18"]
[TimeControl "2700+45"]

1. e4 e5 2. Nf3 Nc6 3. Bb5 a6 4. Bxc6 dxc6 5. O-O f6 6. h3 Bd6 7. d3 Ne7 8. Be3
O-O 9. Nbd2 b5 10. c4 Ng6 11. Qb3 Be6 12. Qc2 f5 13. Ng5 Bd7 14. cxb5 f4 15.
Qc4+ Kh8 16. Nf7+ Rxf7 17. Qxf7 axb5 18. Nf3 fxe3 19. fxe3 Bc5 20. d4 Be8 21.
Qe6 exd4 22. exd4 Bxd4+ 23. Kh1 Bd7 24. Qb3 Bf6 25. Rad1 Qe8 26. a3 Be6 27. Qc2
Ra4 28. e5 Be7 29. Nd4 Bd5 30. Nxb5 Rc4 31. Nc3 Qc8 32. Kh2 Nh4 33. Rf2 Bc5 34.
Re2 Nf3+ 35. gxf3 Rh4 36. e6 Bxf3 37. Rd7 Bd6+ 38. Kg1 Rxh3 39. b4 Bg3 40. Rg2
Be5 41. Qd2 Bf6 42. e7 Bxe7 43. Rxe7 Bxg2 44. Qxg2 g6 45. Ne4 Rb3 {White
forfeits on time} 0-1

[Event "Team 45 45 League T47"]
[Site "Internet Chess Club"]
[Date "2011.01.01"]
[Round "8"]
[White "chiiwen"]
[Black "Ptzz"]
[Result "1-0"]
[WhiteElo "2196"]
[BlackElo "2089"]
[Opening "QGD Slav: 3.Nf3"]
[ECO "D11"]
[Time "15:00:08"]
[TimeControl "2700+45"]

1. d4 d5 2. c4 c6 3. Nf3 Nf6 4. Qc2 g6 5. g3 Bg7 6. Bg2 O-O 7. O-O Bf5 8. Qb3
Qb6 9. c5 Qxb3 10. axb3 Nbd7 11. Bf4 Nh5 12. Be3 e5 13. b4 Be4 14. Rd1 b6 15.
Nxe5 Nxe5 16. dxe5 Bxg2 17. Kxg2 Bxe5 18. Nc3 Rfb8 19. cxb6 axb6 20. Rxa8 Rxa8
21. Bxb6 Ng7 22. e3 Ne6 23. Ba5 d4 24. exd4 Bxd4 25. Na4 c5 26. Nc3 cxb4 27.
Bxb4 Rb8 28. Ba3 Rb3 29. Na4 h5 30. h4 Kg7 31. Bd6 Kg8 32. Rd2 Kg7 33. Nc3 Kg8
34. Nd1 Kh7 35. Kf1 Rb6 36. Ba3 Rb3 37. Ke2 Kg7 38. Rc2 Kf6 39. Kd2 Rf3 40. Kc1
g5 41. hxg5+ Nxg5 42. Bb4 Ba7 43. Bc3+ Kf5 44. b4 Ne4 45. Be1 Bd4 46. Ra2 f6 47.
Rc2 Ra3 48. Rc4 Ra1+ 49. Kc2 Bb6 50. f3 Nf2 51. Bxf2 Bxf2 52. Nxf2 Ra2+ 53. Kd3
Rxf2 54. Rc5+ Kg6 55. Ke3 Rg2 56. b5 Rb2 57. Ke4 Rb4+ 58. Kd5 Rb3 59. Kc6 Rxf3
60. b6 Re3 61. b7 Re8 62. Kd7 Rh8 63. Rc4 {Black resigns} 1-0

[Event "Team 45 45 League T47"]
[Site "Internet Chess Club"]
[Date "2010.12.26"]
[Round "8"]
[White "Jack-ONeill"]
[Black "Zumbi"]
[Result "1/2-1/2"]
[WhiteElo "2021"]
[BlackElo "2086"]
[Opening "Dutch: Staunton gambit, Chigorin variation"]
[ECO "A83"]
[Time "13:45:24"]
[TimeControl "2700+45"]

1. d4 f5 2. e4 fxe4 3. Nc3 Nf6 4. Bg5 c6 5. f3 exf3 6. Nxf3 d5 7. Bd3 Bg4 8. h3
Bxf3 9. Qxf3 Nbd7 10. O-O-O Qa5 11. Kb1 O-O-O 12. Bf5 g6 13. Bxf6 exf6 14. Bxd7+
Rxd7 15. Qxf6 Bg7 16. Qe6 Qc7 {Game drawn by mutual agreement} 1/2-1/2

[Event "Team 45 45 League T47"]
[Site "Internet Chess Club"]
[Date "2010.12.30"]
[Round "8"]
[White "AronT"]
[Black "Despair"]
[Result "0-1"]
[WhiteElo "2044"]
[BlackElo "1973"]
[Opening "King's Indian: Averbakh, 6...c5"]
[ECO "E74"]
[Time "20:00:59"]
[TimeControl "2700+45"]

1. d4 Nf6 2. c4 g6 3. Nc3 Bg7 4. e4 d6 5. Be2 O-O 6. Bg5 c5 7. d5 Nbd7 8. Qd2
Qb6 9. h4 Ne5 10. Nf3 Nxf3+ 11. Bxf3 Qb4 12. Be2 a5 13. f3 Bd7 14. Nd1 Qxd2+ 15.
Bxd2 Nh5 16. g4 Ng3 17. Rg1 Nxe2 18. Kxe2 b5 19. cxb5 Bxb5+ 20. Kf2 Bd4+ 21. Be3
Bg7 22. Nc3 Rfb8 23. h5 Be8 24. Bc1 Bd4+ 25. Kg2 Bxg1 26. Kxg1 gxh5 27. gxh5 f5
28. h6 fxe4 29. fxe4 Bd7 30. Rb1 Kf7 31. Bf4 Rg8+ 32. Kf2 Raf8 33. Ke3 Ke8 34.
a3 Rg4 35. Rf1 Rf6 36. Rf2 Rg1 37. e5 dxe5 38. Bxe5 Rxh6 39. Ne4 Rh3+ 40. Ke2 c4
41. d6 Bg4+ 42. Kd2 Rd1+ 43. Kc2 Re1 44. Rf4 Re2+ 45. Kb1 Rh1+ 46. Ka2 c3 47.
Nxc3 Rxe5 48. Rxg4 exd6 49. Rg8+ Kf7 50. Rd8 Ke7 51. Ra8 h5 52. b4 axb4 53. axb4
h4 54. b5 h3 55. b6 h2 56. b7 Ra1+ 57. Kb2 h1=Q 58. Re8+ Kxe8 59. b8=Q+ Kd7 60.
Qf8 Qc1+ 61. Kb3 Ra3+ {White resigns} 0-1

[Event "Team 45 45 League T47"]
[Site "Internet Chess Club"]
[Date "2010.12.29"]
[Round "8"]
[White "ivanson"]
[Black "Tobiasdelmonte"]
[Result "0-1"]
[WhiteElo "1833"]
[BlackElo "1924"]
[Opening "Alekhine's defense: modern, Larsen variation"]
[ECO "B04"]
[Time "18:14:50"]
[TimeControl "2700+45"]

1. e4 Nf6 2. e5 Nd5 3. d4 d6 4. Nf3 dxe5 5. Nxe5 c6 6. Be2 Bf5 7. O-O Nd7 8. Nf3
h6 9. a3 e6 10. c4 N5f6 11. Nc3 Bd6 12. Re1 O-O 13. Qb3 b6 14. Be3 Qc7 15. Rad1
Ne4 16. d5 Nxc3 17. bxc3 c5 18. h3 e5 19. Nh4 Bh7 20. Bg4 f5 21. Bh5 Qd8 22. g3
f4 23. Bc1 Qg5 24. Bg4 Rad8 25. Nf3 Qf6 26. gxf4 e4 27. Qb2 Bxf4 28. Nd2 Bxd2
29. Qxd2 Ne5 30. Qe2 Qh4 31. f3 Rxf3 32. Be6+ Kh8 33. Rf1 Rg3+ 34. Kh1 Nf3
{White forfeits on time} 0-1

[Event "Team 45 45 League T47"]
[Site "Internet Chess Club"]
[Date "2010.12.26"]
[Round "8"]
[White "Terte"]
[Black "Paulkov"]
[Result "1/2-1/2"]
[WhiteElo "2077"]
[BlackElo "2259"]
[Opening "Sicilian: Alapin's variation (2.c3)"]
[ECO "B22"]
[Time "12:04:08"]
[TimeControl "2700+45"]

1. e4 c5 2. c3 d5 3. exd5 Qxd5 4. Nf3 Nf6 5. d4 Bg4 6. Be2 e6 7. Be3 cxd4 8.
cxd4 Nc6 9. Nc3 Bb4 10. O-O Bxc3 11. bxc3 O-O 12. c4 Qd7 13. Qb3 Bxf3 14. Bxf3
Nxd4 15. Bxd4 Qxd4 16. Rfd1 Qc5 17. Qxb7 Rab8 18. Qc6 Qxc6 19. Bxc6 Rb2 20. f3
Rfb8 21. a4 Kf8 22. Bb5 Ke7 23. Rd3 Rd8 24. Rad1 Rxd3 25. Rxd3 Rc2 26. a5 Ra2
27. a6 g5 28. g3 Rc2 29. g4 Ra2 30. Rd1 h6 31. Rd3 Rc2 32. Rd1 Ra2 {Game drawn
by mutual agreement} 1/2-1/2

[Event "Team 45 45 League T47"]
[Site "Internet Chess Club"]
[Date "2010.12.23"]
[Round "8"]
[White "jorobo"]
[Black "BadHabitMarco"]
[Result "0-1"]
[WhiteElo "2049"]
[BlackElo "2111"]
[Opening "English: Mikenas-Carls, Flohr variation"]
[ECO "A18"]
[Time "23:02:20"]
[TimeControl "2700+45"]

1. c4 Nf6 2. Nc3 e6 3. e4 d5 4. e5 d4 5. exf6 dxc3 6. bxc3 Qxf6 7. Nf3 e5 8. d4
exd4 9. Bg5 Qe6+ 10. Be2 Be7 11. cxd4 Bxg5 12. Nxg5 Qf6 13. Ne4 Qh4 14. Bf3 O-O
15. O-O Nc6 16. g3 Qe7 17. Bg2 Bh3 18. Bxh3 Qxe4 19. Bg2 Qxd4 20. Bxc6 Qxd1 21.
Rfxd1 bxc6 22. Rd7 a5 23. Rxc7 Rac8 24. Ra7 Ra8 25. Rxa8 Rxa8 26. Rb1 g6 27. Rb6
Rd8 28. Ra6 Rd4 29. Rxc6 Rd1+ 30. Kg2 Ra1 31. a4 Rxa4 32. Kf3 Kg7 33. Ke3 h5 34.
h4 Ra3+ 35. Ke4 Ra2 36. Ra6 Rxf2 37. Rxa5 Kf6 38. Kd5 Rf5+ {White resigns} 0-1